 Dungeon Crawl Stone Soup version 0.18-a0-1773-gec4f98e (webtiles) character file.

3789 pestonoire the Grappler (level 9, -10/85 HPs)
             Began as a Troll Hunter on Apr 15, 2016.
             Was an Elder of Okawaru.
             Killed by divine providence
             ... invoked by an orc priest
              (13 damage)
             ... on level 8 of the Dungeon on Apr 16, 2016.
             The game lasted 00:28:19 (6972 turns).

pestonoire the Grappler (Troll Hunter)              Turns: 6972, Time: 00:28:20

Health: -10/85     AC:  6    Str: 22    XL:     9   Next: 95%
Magic:  17/18      EV: 13    Int:  7    God:    Okawaru [****..]
Gold:   302        SH:  0    Dex: 13    Spells: 0 memorised, 8 levels left

rFire  . . .     SeeInvis .       - Unarmed
rCold  . . .     Gourm    +     b - +1 robe
rNeg   . . .     Faith    +     (no shield)
rPois  .         Spirit   .     (helmet restricted)
rElec  .         Dismiss  .     (no cloak)
rCorr  .         Reflect  .     (gloves unavailable)
SustAt .         Harm     .     (boots unavailable)
MR     .....                    k - amulet of faith
Stlth  ++........               (no ring)
                                A - ring of magical power

@: lethally poisoned (-10 -> -10), about to teleport, heroism, marked, slowed,
very slow, not resistant to hostile enchantments, unstealthy
A: unfitting armour, claws 3, fast metabolism 3, gourmand, regeneration 2,
shaggy fur 1, tough skin 2
a: Heroism, Renounce Religion


You were on level 8 of the Dungeon.
You worshipped Okawaru.
Okawaru was greatly pleased with you.
You were very full.

You visited 2 branches of the dungeon, and saw 9 of its levels.

You collected 302 gold pieces.

Inventory:

Missiles
 c - 7 large rocks
 d - a throwing net (quivered)
 m - 14 poisoned needles
 y - 11 tomahawks
Armour
 b - a +1 robe (worn)
 C - a +2 large shield
Jewellery
 k - an amulet of faith (around neck)
 A - a ring of magical power (left claw)
 E - an uncursed ring of fire
Wands
 G - a wand of paralysis (24/24)
 I - a wand of random effects (29/48)
Scrolls
 a - 4 scrolls of remove curse
 g - 2 scrolls of amnesia
 l - 3 scrolls of enchant weapon
 n - a scroll of recharging
 o - a scroll of random uselessness {unknown}
 q - 2 scrolls of magic mapping
 x - 3 scrolls of immolation
 F - a scroll of enchant armour
Potions
 i - a potion of resistance
 p - a potion of mutation
 r - 3 potions of might
 t - 2 potions of lignification {unknown}
 u - a potion of brilliance {unknown}
 v - 2 potions of magic
 B - a potion of flight {unknown}
 D - 2 potions of agility
 H - a potion of haste {unknown}
 J - a potion of curing
Comestibles
 f - 11 bread rations
 h - 5 meat rations
 j - 5 beef jerkies
 s - a royal jelly
 w - 5 chunks of flesh
 z - a fruit


   Skills:
 + Level 4.6(9.6) Fighting
 + Level 8.2(13.2) Throwing
 - Level 1.5(6.5) Dodging
 - Level 0.4(5.4) Stealth
 - Level 10.2(15.2) Unarmed Combat
 - Level 2.1 Invocations


You had 8 spell levels left.
You didn't know any spells.

Dungeon Overview and Level Annotations

Branches:
Dungeon (8/15)             Temple (1/1) D:5
   Lair: D:8-11

Altars:
Ashenzari
Cheibriados
Dithmenos
Elyvilon
Fedhas
Gozag
Kikubaaqudgha
Makhleb
Nemelex Xobeh
Okawaru
Qazlal
Ru
Trog
Vehumet
Xom
Yredelemnul
Zin
The Shining One

Shops:
D:6 *


Innate Abilities, Weirdness & Mutations

You are too large for most types of armour.
You have claws for hands.
Your metabolism is lightning-fast.
You like to eat raw meat.
You heal very quickly.
You are covered in fur (AC +1).
You have very tough skin (AC +2).


Message History

The worker ant barely misses you.
An orc priest comes into view. It is wielding a mace.
You see here a necrophage corpse.
Read which item? (? for menu, Esc to quit)
As you read the scroll of teleportation, it crumbles to dust.
You feel strangely unstable.
You feel sick. The worker ant misses you. The worker ant barely misses you.
The worker ant closely misses you. The worker ant bites you.
* * * LOW HITPOINT WARNING * * *
The phantom hits you but does no damage.
The worker ant misses you. The worker ant misses you.
The orc priest calls down the wrath of Beogh upon you.
Beogh smites you!
* * * LOW HITPOINT WARNING * * *
The phantom completely misses you.
The worker ant bites you but does no damage.
The orc priest invokes the aid of Beogh against you.
Beogh smites you!
You die...

....## #####.........
...).## ####............#
###...###...............#
###.......<............#
##.......................
.........................
###....................#
#...........(aW....###
##..........).a@.....#
#....>........oa.....#
#..................###
#..............o.###
................##
#................o
#............##....
###..####..## ##o... ..#


You could see a phantom, an orc warrior, 3 worker ants, 2 orc priests and an
orc.

Vanquished Creatures
  Erica (D:8)
  A spriggan (D:7)
  Eustachio (D:5)
  The ghost of heiberg the Magician, an amateur HEWz (D:5)
  A water moccasin (D:7)
  3 ice beasts
  A sky beast (D:7)
  5 ogres
  A necrophage (D:8)
  3 centaurs
  2 giant frogs
  A water moccasin zombie (D:5)
  2 scorpions
  4 wights (D:6)
  4 crimson imps
  A jelly (D:7)
  5 orc priests
  2 giant frog skeletons
  3 hounds
  An iguana (D:7)
  8 orc wizards
  5 worker ants
  A killer bee zombie (D:4)
  7 adders
  A gnoll (D:4)
  3 shadow imps
  A white imp (D:4)
  An ooze (D:1)
  A worm (D:3)
  2 dart slugs (D:1)
  8 giant geckos
  38 orcs
  A ball python (D:1)
  5 giant cockroaches
  4 goblins
  6 hobgoblins
  8 jackals (D:3)
  5 kobolds
  4 quokkas
  7 bats
  A giant gecko zombie (D:7)
  11 giant newts
  A jackal skeleton (D:4)
  10 rats
182 creatures vanquished.

Vanquished Creatures (others)
  5 fungi (D:8)
5 creatures vanquished.

Grand Total: 187 creatures vanquished

Notes
Turn   | Place    | Note
--------------------------------------------------------------
     0 | D:1      | pestonoire the Troll Hunter began the quest for the Orb.
     0 | D:1      | Reached XP level 1. HP: 19/19 MP: 0/0
    30 | D:1      | Reached skill level 1 in Unarmed Combat
   110 | D:1      | Reached XP level 2. HP: 20/27 MP: 1/1
   303 | D:1      | Reached skill level 2 in Unarmed Combat
   742 | D:1      | Reached XP level 3. HP: 33/33 MP: 2/2
  1097 | D:2      | Reached skill level 3 in Unarmed Combat
  1673 | D:2      | Found a glowing golden altar of the Shining One.
  1929 | D:3      | Noticed a giant frog
  1933 | D:3      | Killed a giant frog
  1933 | D:3      | Reached skill level 4 in Unarmed Combat
  1933 | D:3      | Reached XP level 4. HP: 38/41 MP: 3/3
  2064 | D:3      | Found a sacrificial altar of Ru.
  2072 | D:3      | Found a blossoming altar of Fedhas.
  2076 | D:3      | Reached XP level 5. HP: 43/48 MP: 4/4
  2453 | D:3      | Reached skill level 5 in Unarmed Combat
  2523 | D:4      | Reached skill level 6 in Unarmed Combat
  2523 | D:4      | Reached XP level 6. HP: 11/55 MP: 5/5
  3066 | D:4      | Found a glowing golden altar of the Shining One.
  3067 | D:4      | Found an opulent altar of Gozag.
  3067 | D:4      | Found a radiant altar of Vehumet.
  3068 | D:4      | Found a shadowy altar of Dithmenos.
  3068 | D:4      | Found an iron altar of Okawaru.
  3082 | D:4      | Became a worshipper of Warmaster Okawaru
  3144 | D:4      | Reached skill level 7 in Unarmed Combat
  3161 | D:4      | Reached XP level 7. HP: 50/62 MP: 6/6
  3431 | D:4      | Reached * piety under Okawaru
  3653 | D:5      | Entered Level 5 of the Dungeon
  3653 | D:5      | Noticed heiberg's ghost (amateur HEWz)
  3663 | D:5      | Killed heiberg's ghost
  3663 | D:5      | Reached skill level 1 in Invocations
  3822 | D:5      | Reached skill level 8 in Unarmed Combat
  3950 | D:5      | Noticed Eustachio
  3972 | D:5      | Killed Eustachio
  4016 | D:5      | Found a staircase to the Ecumenical Temple.
  4022 | Temple   | Entered the Ecumenical Temple
  4510 | D:5      | Reached XP level 8. HP: 70/70 MP: 8/8
  4541 | D:5      | Reached ** piety under Okawaru
  5060 | D:6      | Reached skill level 5 in Throwing
  5060 | D:6      | Reached skill level 9 in Unarmed Combat
  5374 | D:6      | Found Gozag's Platinum Reserve.
  5743 | D:6      | Reached *** piety under Okawaru
  5799 | D:6      | Reached XP level 9. HP: 49/76 MP: 9/9
  5936 | D:6      | Found an opulent altar of Gozag.
  6142 | D:7      | Reached skill level 10 in Unarmed Combat
  6496 | D:7      | Received a gift from Okawaru
  6895 | D:8      | Reached **** piety under Okawaru
  6955 | D:8      | Noticed Erica
  6968 | D:8      | Killed Erica
  6968 | D:8      | Received a gift from Okawaru
  6972 | D:8      | HP: 3/85 [orc priest/divine providence (15)]
  6972 | D:8      | Killed from afar by an orc priest

Vault maps used:
D:1:      eino_arrival_druids_welcome
D:2:      lemuel_upstairs_altar, first_bread, tso_altar
D:3:      nicolae_overflow_hidden_temple, kennysheep_crisscross, hex_tiny,
          fedhas_altar_1
D:4:      forest_paths, grunt_temple_overflow_open, minmay_fire_ice_demons
D:5:      minmay_temple_entry_enclosed_plants, uniq_eustachio
D:6:      nicolae_gozag_zags_fifth_avenue
D:7:      the_bakery, dk_noncrumbling_3
D:8:      lemuel_slime, lair_0_dummy, basic_altar, uniq_joseph, uniq_erica,
          uniq_grum
Temple:   eino_temple_water_12

Skill      XL: |  1  2  3  4  5  6  7  8  9 |
---------------+----------------------------+-----
Unarmed Combat | 1 2 4 6 7 8 9 10 | 10.2
Invocations    | 2 |  2.1
Throwing       | 4 6 8 |  8.2
Fighting       | 4 |  4.6
Dodging        | |  1.5
Stealth        | |  0.4

Action                   |  1- 3 |  4- 6 |  7- 9 || total
-------------------------+-------+-------+-------++-------
Melee: Unarmed           |   137 |   117 |   315 ||   569
       Punch             |     1 |     4 |    12 ||    17
Throw: Throwing net      |       |     2 |     2 ||     4
Invok: Heroism           |       |       |     3 ||     3
  Use: Scroll            |     1 |     7 |     8 ||    16
       Potion            |       |       |     3 ||     3
 Stab: Sleeping          |     3 |       |       ||     3
       Held in net/web   |       |       |     1 ||     1
  Eat: Chunk             |    23 |    11 |    35 ||    69
Armor: Robe              |    45 |    33 |    81 ||   159
Dodge: Dodged            |    74 |    60 |   198 ||   332
